 Dungeon Crawl Stone Soup version 0.24.0-13-gcf9b3192b9 (webtiles) character file.

Game seed: 13153201855784585454, levelgen mode: deterministic

39 ANON1729 the Chiller (level 3, 0/24 HPs)
             Began as a Demonspawn Ice Elementalist on Nov 8, 2019.
             Slain by Robin
             ... wielding a +1 short sword of draining
              (5 damage)
             ... on level 2 of the Dungeon.
             The game lasted 00:02:18 (1867 turns).

ANON1729 the Chiller (Demonspawn Ice Elementalist)  Turns: 1867, Time: 00:02:19

Health: 0/24       AC:  4    Str:  8    XL:     3   Next: 28%
Magic:  6/6        EV: 11    Int: 17    God:
Gold:   25         SH:  0    Dex: 13    Spells: 6/7 levels left

rFire    . . .     SeeInvis .   h - +0 mace (curse)
rCold    . . .     Gourm    .   (no shield)
rNeg     . . .     Faith    .   a - +0 robe
rPois    .         Spirit   .   (no helmet)
rElec    .         Reflect  .   (no cloak)
rCorr    .         Harm     .   (no gloves)
MR       .....                  (no boots)
Stlth    ++........             (no amulet)
HPRegen  0.08/turn              (no ring)
MPRegen  0.10/turn              (no ring)

@: heavily drained
A: icy blue scales 1, spiny 1
a: no special abilities


You were on level 2 of the Dungeon.
You were not hungry.

You visited 1 branch of the dungeon, and saw 2 of its levels.

You collected 25 gold pieces.

Inventory:

Hand Weapons
 b - a +0 club
 h - a cursed +0 mace (weapon)
Armour
 a - a +0 robe (worn)
Jewellery
 l - an uncursed ring of fire
Scrolls
 g - a scroll of magic mapping {unknown}
 i - 3 scrolls of remove curse
 j - a scroll of fear {unknown}
Potions
 e - 2 potions of might {unknown}
 f - a potion of invisibility {unknown}
 m - 2 potions of resistance {unknown}
Comestibles
 c - 2 rations


   Skills:
 + Level 2.1(0.9) Dodging
 + Level 2.1(0.9) Stealth
 * Level 2.6(1.4) Spellcasting
   Level 1.0(0.0) Conjurations
 * Level 3.2(2.0) Ice Magic


You had 6 spell levels left.
You knew the following spells:

 Your Spells              Type           Power        Failure   Level  Hunger
a - Freeze                Ice            #...         9%          1    ##.....

Your spell library contained the following spells:

 Spells                   Type           Power        Failure   Level  Hunger
 Throw Frost              Conj/Ice       #.....       21%         2    ###....
 Ozocubu's Armour         Chrm/Ice       #.......     38%         3    ####...
 Summon Ice Beast         Ice/Summ       #.......     80%         4    #####..
 Throw Icicle             Conj/Ice       #.......     80%         4    #####..


Dungeon Overview and Level Annotations

Branches:
Dungeon (2/15)

Altars:

Annotations:
D:2 Robin


Innate Abilities, Weirdness & Mutations

You are partially covered in icy blue scales. (AC +2)
You are partially covered in sharp spines.


Message History

You are too injured to fight recklessly!
You are too injured to fight recklessly!
You are too injured to fight recklessly!
You hit Robin.
Robin is heavily wounded.
Robin is struck by your spines.
Robin hits you with a +1 short sword of draining.
* * * LOW HITPOINT WARNING * * *
You feel drained.
* * * LOW HITPOINT WARNING * * *
Robin is struck by your spines. Robin hits you but does no damage.
You feel drained.
You barely miss Robin.
Robin is severely wounded.
Robin barely misses you.
You hit Robin but do no damage.
Robin is severely wounded.
Robin is struck by your spines.
Robin hits you with a +1 short sword of draining.
You die...

#.# #.# #.......†.
#.# #.# #.........
#.# #.# #.#.###.##
#.# #.# #.#.# #.##
###.####.###.#.#
#.#
###.......[.)....#
#.#
#..........#####.#
#.# #.###†########
#.# #.# #)@ggg...#
#.# #.# #)######.#
#.# #.# .... #####


You could see Robin, a hobgoblin and a goblin.

Vanquished Creatures
  An adder (D:2)
  A ball python (D:1)
  2 giant cockroaches (D:1)
  10 goblins
  3 hobgoblins
  4 jackals (D:2)
  A frilled lizard (D:1)
  3 kobolds
  A rat (D:1)
26 creatures vanquished.

Notes
Turn   | Place    | Note
-------+----------+-------------------------------------------
     0 | D:1      | ANON1729 the Demonspawn Ice Elementalist began the quest
                  | for the Orb.
     0 | D:1      | Reached XP level 1. HP: 13/13 MP: 3/3
   643 | D:1      | Gained mutation: You are partially covered in icy blue
                  | scales. (AC +2) [demonic ancestry]
   643 | D:1      | Reached XP level 2. HP: 9/19 MP: 0/5
  1699 | D:1      | Reached skill level 3 in Ice Magic
  1834 | D:2      | Gained mutation: You are partially covered in sharp spines.
                  | [demonic ancestry]
  1834 | D:2      | Reached XP level 3. HP: 21/24 MP: 6/6
  1854 | D:2      | Noticed Robin
  1867 | D:2      | Slain by Robin

Levels and vault maps discovered:
D:1:      matt_arrival_los_fun, layout_basic
D:2:      layout_loops_ring, chequers_ecumenical_altar_island, uniq_terence,
          uniq_robin, uniq_jessica

Skill      XL: |  1  2 |
---------------+-------+-----
Stealth        | 2 |  2.1
Ice Magic      | 3 |  3.2
Dodging        | 2 |  2.1
Spellcasting   | |  2.6
Conjurations   | |  1.0

Action                   || total
-------------------------++-------
Melee: Dagger            ||    86
       Club              ||     6
       Mace              ||    29
 Cast: Freeze            ||    11
  Use: Scroll            ||     1
 Stab: Sleeping          ||     3
  Eat: Chunk             ||     3
Armor: Robe              ||    28
Dodge: Dodged            ||    86
